 Dungeon Crawl Stone Soup version 0.31-a0-145-g046c7d2549 (webtiles) character file.

Game seed: 5707128694086608834

1872644 mdonais the Pyromancer (level 27, 226/226 HPs)
             Began as a Djinni Wanderer on June 3, 2023.
             Was the Champion of Ashenzari.
             Escaped with the Orb
             ... and 3 runes on June 5, 2023!
             The game lasted 05:46:19 (57547 turns).

mdonais the Pyromancer (Djinni Wanderer)           Turns: 57547, Time: 05:46:19

Health: 226/226    AC: 35    Str: 15    XL:     27
Gold:   7691       EV: 14    Int: 41    God:    Ashenzari [******] SH: 30 Dex:  9

rFire   + + .        g - staff of earth "Shackled Mistrust" (curse) {Fragile rC++ rN+, Elem, Evo} (curse)
rCold   + + .        y - +7 tower shield "Astrological Adversity" {rC+, Self, Alch} (curse)
rNeg    + + .        t - +3 storm dragon scales "Ruined Seeker" {rElec, Fort, Bglg} (curse)
rPois   ∞            f - +0 hat "Lashed Seeker" {rN+ Regen+, Elem, Fort} (curse)
rElec   +            k - +2 cloak of Apeoromancy {Rampage Regen+ Str+3 Dex-5, Fort, Evo} (curse)
rCorr   .            b - +4 pair of gloves of Ashenzari's Prison {+Blink Int+5 Slay-4, Self, Range} (curse)
SInv    +            (boots unavailable)
Will    +++..        r - amulet of Ashenzari's Sybil {Regen+, Self, Cun} (curse)
Stlth   +            L - ring "Per Aspera Ad Scientiam" {Int+6, Bglg, Elem} (curse)
HPRegen 2.97/turn    V - ring "Behold Eternity" {Will+ Str+3 Int+3 SInv Stlth+, Evo, Self} (curse)
MPRegen 0.00/turn

%: clarity, rampage
@: flying, hasted (expiring), studying 3 skills, very quick
A: sickness immunity, fire resistance 2, cold vulnerability 1, float, innate
caster, HP casting, extra vitality 1, weak 1
0: Orb of Zot
}: 3/15 runes: serpentine, barnacled, silver
a: Renounce Religion, Evoke Blink, Shatter the Chains


You escaped.
You worshipped Ashenzari.
Ashenzari was exalted by your worship.
You visited 11 branches of the dungeon, and saw 51 of its levels.
You also visited: Gauntlet and Ice Cave.

You collected 12438 gold pieces.
You spent 4747 gold pieces at shops.

Inventory:

Missiles
 Z - 11 throwing nets {=!f}
Armour
 b - the cursed +4 pair of gloves of Ashenzari's Prison (worn) {+Blink Int+5 Slay-4, Self, Range}
   (You found it on level 14 of the Dungeon)

   Int:       It affects your intelligence (+5).
   Slay:      It affects your accuracy & damage with ranged weapons and melee
   (-4).
   +Blink:    It lets you blink.
   It has a curse which improves the following skills: Introspection: Fighting
   and Spellcasting.
   Ranged Combat: Ranged Weapons and Throwing.
 f - the cursed +0 hat "Lashed Seeker" (worn) {rN+ Regen+, Elem, Fort}
   (You found it in a Gauntlet)

   rN:        It protects you from negative energy.
   Regen:     It increases your rate of health regeneration.
   It has a curse which improves the following skills: Elements: Fire Magic, Ice
   Magic, Air Magic and Earth Magic.
   Fortitude: Armour and Shields.
 k - the cursed +2 cloak of Apeoromancy (worn) {Rampage Regen+ Str+3 Dex-5, Fort, Evo}
   (You bought it in a shop on level 3 of the Vaults)

   Str:       It affects your strength (+3).
   Dex:       It affects your dexterity (-5).
   Regen:     It increases your rate of health regeneration.
   Rampage:   It bestows one free step when moving towards enemies.
   It has a curse which improves the following skills: Fortitude: Armour and
   Shields.
   Evocations: Evocations.
 s - the +4 skin of Zhor {*Englaciate rC+++ SInv}
   (You found it on level 3 of the Elven Halls)

   *Englaciate: It radiates cold, occasionally slowing all nearby creatures who
   are not resistant to cold.
   rC:        It renders you almost immune to cold.
   SInv:      It lets you see invisible.
 t - the cursed +3 storm dragon scales "Ruined Seeker" (worn) {rElec, Fort, Bglg}
   (You found it on level 3 of the Depths)

   rElec:     It insulates you from electricity.
   It has a curse which improves the following skills: Fortitude: Armour and
   Shields.
   Beguiling: Conjurations, Hexes and Translocations.
 y - the cursed +7 tower shield "Astrological Adversity" (worn) {rC+, Self, Alch}
   (You found it in an ice cave)

   It has a curse which improves the following skills: Introspection: Fighting
   and Spellcasting.
   Alchemy:   Poison Magic and Transmutations.
 F - a +2 robe of the Archmagi
   (You found it on level 2 of the Snake Pit)
Magical Staves
 g - the cursed staff of earth "Shackled Mistrust" (weapon) {Fragile rC++ rN+, Elem, Evo}
   (You found it on level 4 of the Shoals)

   [staff of earth]

   Base accuracy: +5 Base damage: 5 Base attack delay: 1.2 This weapon's minimum
   attack delay (0.6) is reached at skill level 12.
   rC:        It greatly protects you from cold.
   rN:        It protects you from negative energy.
   Fragile:   It will be destroyed if unequipped.
   It falls into the 'Staves' category.
   It is a one-handed weapon.
   It has a curse which improves the following skills: Elements: Fire Magic, Ice
   Magic, Air Magic and Earth Magic.
   Evocations: Evocations.
Jewellery
 l - the ring of the Enormous Mango {rF++ Will++ EV+5 Slay-5}
   (You found it on level 1 of the Realm of Zot)

   [ring of evasion]

   EV:        It affects your evasion (+5).
   Slay:      It affects your accuracy & damage with ranged weapons and melee
   (-5).
   rF:        It greatly protects you from fire.
   Will:      It greatly increases your willpower.
 r - the cursed amulet of Ashenzari's Sybil (around neck) {Regen+, Self, Cun}
   (You bought it in a shop on level 6 of the Dungeon)

   [amulet of regeneration]

   Regen:     It increases your rate of health regeneration.
   It has a curse which improves the following skills: Introspection: Fighting
   and Spellcasting.
   Cunning:   Dodging and Stealth.
 E - the ring of Ceugoast {rN+ Int+6 Slay+3}
   (You took it off a naga on level 3 of the Snake Pit)

   [ring of intelligence]

   Int:       It affects your intelligence (+6).
   Slay:      It affects your accuracy & damage with ranged weapons and melee
   (+3).
   rN:        It protects you from negative energy.
 J - the amulet of the Four Winds {rN+ Will+++ Clar}
   (You found it in an ice cave)

   [amulet of nothing]

   rN:        It protects you from negative energy.
   Clar:      It protects you from confusion, rage, mesmerisation and fear.
   Will:      It greatly increases your willpower.
 L - the cursed ring "Per Aspera Ad Scientiam" (left hand) {Int+6, Bglg, Elem}
   (You found it on level 9 of the Dungeon)

   [ring of intelligence]

   Int:       It affects your intelligence (+6).
   It has a curse which improves the following skills: Beguiling: Conjurations,
   Hexes and Translocations.
   Elements:  Fire Magic, Ice Magic, Air Magic and Earth Magic.
 V - the cursed ring "Behold Eternity" (right hand) {Will+ Str+3 Int+3 SInv Stlth+, Evo, Self}
   (You found it on level 3 of the Elven Halls)

   [ring of see invisible]

   Str:       It affects your strength (+3).
   Int:       It affects your intelligence (+3).
   SInv:      It lets you see invisible.
   Will:      It increases your willpower.
   Stlth:     It makes you more stealthy.
   It has a curse which improves the following skills: Evocations: Evocations.
   Introspection: Fighting and Spellcasting.
Wands
 D - a wand of digging (4)
   (You found it on level 1 of the Snake Pit)
 I - a wand of iceblast (60)
   (You found it on level 4 of the Dungeon)
 P - a wand of paralysis (60)
   (You found it on level 7 of the Dungeon)
 X - a wand of quicksilver (47)
   (You found it on level 4 of the Lair of Beasts)
Scrolls
 a - 16 scrolls of vulnerability
 c - 7 scrolls of poison
 e - 7 scrolls of immolation
 m - 11 scrolls of fog
 n - 6 scrolls of fear
 p - 2 scrolls of butterflies
 v - 2 scrolls of enchant armour
 B - 5 scrolls of blinking
 M - 6 scrolls of magic mapping
 T - 23 scrolls of teleportation
Potions
 d - 8 potions of ambrosia
 h - 10 potions of brilliance
 i - 15 potions of heal wounds
 j - 11 potions of mutation
 q - 8 potions of might
 w - 9 potions of enlightenment
 x - 3 potions of resistance
 A - 7 potions of cancellation
 C - 2 potions of invisibility
 H - 6 potions of haste
 Q - 35 potions of curing
 R - 9 potions of lignification
 S - 3 potions of attraction
 Y - 5 potions of berserk rage
Miscellaneous
 u - a condenser vane
   (You found it on level 5 of the Lair of Beasts)
 N - a sack of spiders
   (You found it on level 3 of the Lair of Beasts)
 U - a phial of floods
   (You found it in a Gauntlet)
 W - a lightning rod (4/4)
   (You found it on level 2 of the Lair of Beasts)


   Skills:
 + Level 21.6(26.8) Fighting
 - Level 4.0 Staves
 - Level 0.5(1.5) Throwing
 + Level 22.3(26.6) Armour
 + Level 21.1(23.3) Dodging
 - Level 7.4(10.0) Stealth
 - Level 22.1(26.3) Shields
 - Level 20.4(25.7) Spellcasting
 - Level 20.4(23.6) Conjurations
 - Level 20.4(23.6) Hexes
 - Level 20.4 Summonings
 - Level 20.4 Necromancy
 - Level 20.4(23.6) Translocations
 - Level 20.4(22.5) Transmutations
 - Level 24.7(27) Fire Magic
 - Level 23.8(27) Ice Magic
 - Level 20.4(24.8) Air Magic
 - Level 20.4(24.8) Earth Magic
 - Level 20.4(22.5) Poison Magic
 - Level 10.3(15.0) Evocations


You knew the following spells:

 Your Spells              Type           Power      Damage    Failure   Level
a - Fire Storm            Conj/Fire      65%        8d17      4%          9
b - Lehudib's Crystal Sp  Conj/Erth      77%        10d17     1%          8
c - Ozocubu's Refrigerat  Ice            67%        4d22      0%          7
d - Necromutation         Tmut/Necr      62%        N/A       1%          8
e - Ozocubu's Armour      Ice            100%       N/A       0%          3
f - Dispersal             Tloc           64%        N/A       0%          6
g - Summon Hydra          Summ           60%        N/A       1%          7
h - Lee's Rapid Deconstr  Erth           77%        3d35*     0%          5
i - Sandblast             Erth           100%       2d20      0%          1
j - Static Discharge      Conj/Air       100%       2-7/arc   0%          2
k - Freeze                Ice            100%       1d10      0%          1
l - Ignite Poison         Fire/Tmut/Pois 100%       N/A       0%          3
m - Storm Form            Tmut/Air       64%        N/A       1%          7
n - Sticky Flame          Conj/Fire      100%       2d11      0%          4
o - Foxfire               Conj/Fire      100%       2x1d9     0%          1
p - Mephitic Cloud        Conj/Pois/Air  100%       N/A       0%          3
q - Flame Wave            Conj/Fire      100%       2d21      0%          4
r - Ensorcelled Hibernat  Hex/Ice        100%       N/A       0%          2

Your spell library contained the following spells:

 Spells                   Type           Power      Damage    Failure   Level


Dungeon Overview and Level Annotations

Branches:
Dungeon (15/15)            Temple (1/1) D:7            Lair (5/5) D:9
 Shoals (4/4) Lair:2        Snake (4/4) Lair:2        Slime (0/5) Lair:5
    Orc (2/2) D:11            Elf (3/3) Orc:2        Vaults (5/5) D:14
  Crypt (3/3) Vaults:3       Tomb (0/3) Crypt:3      Depths (4/4) D:15
    Zot (5/5) Depths:4      IceCv (visited)         Gauntlet (visited)

Altars:
Ashenzari
Cheibriados
Dithmenos
Elyvilon
Fedhas
Gozag
Hepliaklqana
Makhleb
Nemelex Xobeh
Okawaru
Qazlal
Ru
Trog
Uskayaw
Wu Jian
Xom
Yredelemnul
Zin
The Shining One
Jiyva

Shops:
D:5 [   D:6 *   Orc:2 *??!   Elf:1 [   Elf:3 !   Shoals:1 [*   Shoals:3 =
Shoals:4 =**   Snake:1 (::*(   Vaults:3 [   Depths:3 (*(

Portals:
Hell: Depths:1 Depths:2 Depths:3 Depths:4
Abyss: Depths:3
Pandemonium: Depths:1 Depths:2
Ziggurat: Depths:3

Annotations:
D:8 2 exclusions


Innate Abilities, Weirdness & Mutations

You are immune to sickness and miasma.
You are immune to poison.
Your flesh is very heat resistant. (rF++)
You are vulnerable to cold. (rC-)
You float through the air rather than walking.
You learn spells naturally, not from books.
Your magical power is your life essence.
You have superior vitality. (+4 MHP)
You are weak. (Str -2)


Message History

(P) Snake Pit (M) Slime Pits (O) Orcish Mines (E) Elven Halls (V) Vaults (C) Crypt (W) Tomb (U) Depths (H) Hell (Z) Zot
Where to? (Enter - D:1 @ (x,y), ? - help)
What level of the Dungeon? (default 1, ? - help)
There is a stone staircase leading up here.
You fly upwards.
There is a stone staircase leading down here.
There is a stone staircase leading up here.
You fly upwards.
There is a stone staircase leading down here.
You sense a monster nearby.
An Ice Fiend comes into view.
The Ice Fiend roars!
You rampage towards the Ice Fiend!
You rampage towards the Ice Fiend!
Casting: Lehudib's Crystal Spear (mildly dangerous; 1% risk of failure)
Confirm with . or Enter, or press ? or * to list all spells.
Aiming: Lehudib's Crystal Spear (mildly dangerous; 1% risk of failure)
Press: ? - help, Shift-Dir - straight line, f - Ice Fiend
Aim: an Ice Fiend (93% to hit)
You feel a surge of power!
The crystal spear hits the Ice Fiend!!!!
The Ice Fiend is almost dead.
The Ice Fiend gestures at you. The bolt of cold hits you! You resist.
You take 13 damage, and have 213/226 hp.
Casting: Lehudib's Crystal Spear (mildly dangerous; 1% risk of failure)
Confirm with . or Enter, or press ? or * to list all spells.
Aiming: Lehudib's Crystal Spear (mildly dangerous; 1% risk of failure)
Press: ? - help, Shift-Dir - straight line, f/p - Ice Fiend
Aim: an Ice Fiend (almost dead, 93% to hit)
You feel a surge of power!
The crystal spear hits the Ice Fiend!!!!
You kill the Ice Fiend!
You take 5 damage, and have 208/226 hp.
You regained 3 hp, and now have 211/226 hp.
You regained 3 hp, and now have 214/226 hp.
You regained 3 hp, and now have 217/226 hp.
You regained 3 hp, and now have 220/226 hp.
You regained 3 hp, and now have 223/226 hp.
There is a stone staircase leading up here.
Health restored: 226 You fly upwards.
There is a stone staircase leading down here.
(D) Dungeon (T) Temple (L) Lair (A) Shoals (P) Snake Pit (M) Slime Pits (O) Orcish Mines (E) Elven Halls (V) Vaults (C) Crypt (W) Tomb (U) Depths (H) Hell (Z) Zot
Where to? (Enter - D:1 @ (x,y), ? - help)
You sense a monster nearby.
Unknown command.
You feel yourself speed up.
(D) Dungeon (T) Temple (L) Lair (A) Shoals (P) Snake Pit (M) Slime Pits (O) Orcish Mines (E) Elven Halls (V) Vaults (C) Crypt (W) Tomb (U) Depths (H) Hell (Z) Zot
Where to? (Enter - D:1 @ (x,y), ? - help)
Okay, then.
Unknown command.
There is a stone staircase leading down here.
A blizzard demon comes into view.
There is a stone staircase leading up here.
You fly upwards.
There is a stone staircase leading down here.
You see here a +0 club.
There is a stone staircase leading up here.
You fly upwards.
There is a stone staircase leading down here.
Your extra speed is starting to run out.
You feel yourself slow down.
A reaper comes into view. It is wielding a +2 heavy scythe.
Casting: Lehudib's Crystal Spear (mildly dangerous; 1% risk of failure)
Confirm with . or Enter, or press ? or * to list all spells.
Aiming: Lehudib's Crystal Spear (mildly dangerous; 1% risk of failure)
Press: ? - help, Shift-Dir - straight line, f - reaper
Aim: a reaper, wielding a +2 heavy scythe (85% to hit)
You feel a surge of power!
The crystal spear hits the reaper!!!
The reaper is severely wounded.
You take 5 damage, and have 221/226 hp.
Casting: Lehudib's Crystal Spear (mildly dangerous; 1% risk of failure)
Confirm with . or Enter, or press ? or * to list all spells.
Aiming: Lehudib's Crystal Spear (mildly dangerous; 1% risk of failure)
Press: ? - help, Shift-Dir - straight line, f/p - reaper
Aim: a reaper, wielding a +2 heavy scythe (severely wounded, 85% to hit)
You feel a surge of power!
The crystal spear hits the reaper!!!
You kill the reaper!
You take 5 damage, and have 216/226 hp.
You feel yourself speed up.
You regained 3 hp, and now have 219/226 hp.
You regained 2 hp, and now have 221/226 hp.
You see here a +2 heavy scythe.
You regained 2 hp, and now have 223/226 hp.
Health restored: 226
There is a huge open gate here.
There is an open gate here.
An orange demon and 2 sixfirhies come into view.
The kobold shouts!
The orange demon screeches!
A cacodemon comes into view.
The cacodemon shouts!
The sixfirhy hits you but does no damage.
You barely miss the cacodemon. You hit the cacodemon but do no damage.
You shatter the cacodemon!!
The cacodemon is moderately wounded.
You block the orange demon's attack. You block the cacodemon's attack. x2
You block the cacodemon's attack. The cacodemon hits you.
There is a staircase leading out of the dungeon here.
You take 1 damage, and have 225/226 hp.
Casting: Lehudib's Crystal Spear (mildly dangerous; 1% risk of failure)
Confirm with . or Enter, or press ? or * to list all spells.
Aiming: Lehudib's Crystal Spear (mildly dangerous; 1% risk of failure)
Press: ? - help, Shift-Dir - straight line, f - cacodemon
Aim: a cacodemon (moderately wounded, 85% to hit)
You feel a surge of power!
The crystal spear hits the cacodemon!!!!
You kill the cacodemon!
The sixfirhy closely misses you.
You take 6 damage, and have 219/226 hp.
Casting: Lehudib's Crystal Spear (mildly dangerous; 1% risk of failure)
Confirm with . or Enter, or press ? or * to list all spells.
Aiming: Lehudib's Crystal Spear (mildly dangerous; 1% risk of failure)
Press: ? - help, Shift-Dir - straight line, f - sixfirhy
Aim: a sixfirhy (67% to hit)
You feel a surge of power!
The crystal spear hits the sixfirhy!!!!
You kill the sixfirhy!
You take 6 damage, and have 213/226 hp.
Casting: Lehudib's Crystal Spear (mildly dangerous; 1% risk of failure)
Confirm with . or Enter, or press ? or * to list all spells.
Aiming: Lehudib's Crystal Spear (mildly dangerous; 1% risk of failure)
Press: ? - help, Shift-Dir - straight line, f - sixfirhy
Aim: a sixfirhy (black smoke, 67% to hit)
You feel a surge of power!
The crystal spear hits the sixfirhy!!!
You kill the sixfirhy!
You block the orange demon's attack.
You take 6 damage, and have 207/226 hp.
Casting: Lehudib's Crystal Spear (mildly dangerous; 1% risk of failure)
Confirm with . or Enter, or press ? or * to list all spells.
Aiming: Lehudib's Crystal Spear (mildly dangerous; 1% risk of failure)
Press: ? - help, Shift-Dir - straight line, f - orange demon
Aim: an orange demon (91% to hit)
You feel a surge of power!
The crystal spear hits the orange demon!!!!
You kill the orange demon!
You take 6 damage, and have 201/226 hp.
You start resting.
Your extra speed is starting to run out.
You regained 24 hp, and now have 225/226 hp.
Char dumped successfully.
HP restored.
You have escaped!

# #..#######'''#######........ #
#..#K#...........#K#........
######..###..8.###.8..###........
........#§...........§.≈#........
........#§≈§........§§§§#........
........#§≈≈...§.....§≈§#..#.####
........#≈≈≈≈≈≈§..§≈≈≈§≈#....#
.)......#≈≈§≈≈≈≈.≈§§≈≈§≈#..###
........#≈≈≈≈≈≈≈@≈§§≈≈≈≈#..#
........#################..#
...........................####
..............................#
#########.##############.##.#.#
#..{....# #.....#.# ###.....#
#.#.....#
######.....#######'#.#######
#..............[...........#


You could see a kobold.

Vanquished Creatures
  5 dread liches
  5 ancient liches
  2 orbs of fire (Zot:5)
  A juggernaut (Depths:4)
  A pandemonium lord (Zot:1)
  Sojobo (Vaults:3)
  Vv (Crypt:2)
  2 curse toes
  13 Killer Klowns
  7 golden dragons
  Nikola (Snake:1)
  2 bone dragons
  Jory (Crypt:3)
  A profane servitor (Crypt:3)
  The ghost of Drazool the Crack Shot, a veteran SpHu of Fedhas (Zot:3)
  A Brimstone Fiend (D:14)
  A hellephant (Zot:1)
  6 electric golems
  22 tentacled monstrosities
  2 deep elf master archers (Elf:3)
  A walking crystal tome (Depths:4)
  6 liches
  2 Ice Fiends
  28 Orb Guardians
  A walking divine tome (Depths:3)
  4 titans
  3 deep elf blademasters
  7 death cobs
  13 quicksilver dragons
  5 sphinxes
  An Executioner (D:9)
  5 ancient champions
  Agnes (Elf:2)
  8 tengu reavers
  8 shadow dragons
  Donald (Vaults:3)
  Kirke (Snake:2)
  7 draconian knights
  7 draconian monks
  7 revenants
  16 storm dragons
  17 nagarajas
  The ghost of Keuh the Slicer, an adept VSFi of Hepliaklqana (Snake:2)
  An emperor scorpion (shapeshifter) (Zot:1)
  Aizul (Snake:1)
  15 vault wardens
  4 deep elf sorcerers
  4 draconian scorchers
  Louise (Snake:2)
  4 fire giants
  9 ghouls
  11 frost giants
  An orc warlord (Vaults:2)
  A reaper (D:1)
  3 deep elf elementalists (Elf:3)
  2 ghost moths
  5 draconian annihilators
  2 cacodemons
  12 very ugly things
  A draconian stormcaller (Zot:2)
  5 draconian shifters
  3 war gargoyles
  4 formless jellyfish
  15 ironbound preservers
  12 stone giants
  11 vampire knights
  10 ironbound thunderhulks
  5 grey draconians (Zot:2)
  5 deep elf demonologists
  3 deep elf annihilators (Elf:3)
  A dire elephant (shapeshifter) (Zot:1)
  6 green draconians
  6 white draconians
  6 dire elephants
  13 black draconians
  10 spark wasps
  9 purple draconians
  11 yellow draconians
  A lorocyproca (D:14)
  A minotaur (Gauntlet)
  The ghost of Rapp the Cleaver, a journeyman MeRe of Okawaru (Lair:4)
  8 red draconians
  3 eidola (Crypt:2)
  7 deep elf death magi
  6 ettins
  A merfolk javelineer (Shoals:4)
  2 green deaths
  11 fire dragons
  Snorg (Lair:5)
  4 deep elf high priests
  6 merfolk impalers
  29 jiangshi
  10 yaktaur captains
  3 entropy weavers
  11 ice dragons
  37 vault guards
  5 rakshasas
  A great orb of eyes (shapeshifter) (Depths:1)
  5 great orbs of eyes
  11 hydras
  A salamander tyrant (Snake:4)
  5 merfolk avatars
  An ogre mage (Vaults:5)
  2 boulder beetles
  2 spriggan air magi
  A two-headed ogre (shapeshifter) (Vaults:5)
  2 alligator snapping turtles (Shoals:4)
  15 centaur warriors
  5 merfolk aquamancers
  A catoblepas (Lair:4)
  3 satyrs (Shoals:4)
  14 ironbound frosthearts
  10 anacondas
  Erica (Lair:2)
  7 death knights
  7 deep troll earth magi
  9 two-headed ogres
  17 naga warriors
  An anaconda (shapeshifter) (Zot:1)
  5 death yaks (Lair:4)
  6 tengu warriors
  5 vampire magi
  32 dancing weapons
  3 spriggan berserkers
  12 deep troll shamans (Depths:2)
  3 orc high priests (Orc:2)
  15 shock serpents
  13 naga sharpshooters
  18 deep elf knights
  2 demonic crawlers
  7 hell knights
  3 soul eaters
  2 spriggans
  A fire crab (shapeshifter) (Depths:3)
  A sun demon (Depths:1)
  4 iron trolls
  37 skeletal warriors
  4 sixfirhies
  3 skysharks
  Amaemon (Lair:2)
  5 salamander mystics
  A deep troll (shapeshifter) (Elf:3)
  A spectral anaconda (Snake:2)
  2 glowing orange brains
  4 shadow wraiths (Crypt:3)
  7 flayed ghosts
  55 deep trolls
  8 naga ritualists
  11 sea snakes
  A swamp dragon (Lair:5)
  An iron giant skeleton (Crypt:1)
  A bog body (Crypt:2)
  Pikel (D:8)
  A spriggan simulacrum (Crypt:3)
  9 lindwurms
  21 harpies
  18 ironbound convokers
  6 wizards
  An obsidian statue (Snake:3)
  29 deep elf pyromancers
  17 phantasmal warriors
  12 deep elf archers
  A mana viper (shapeshifter) (Vaults:5)
  31 deep elf zephyrmancers
  9 mana vipers
  8 necromancers
  8 orc knights
  44 ugly things
  6 orc sorcerers
  17 fauns
  11 salamanders
  A wolf spider (D:15)
  9 manticores
  4 cyclopes
  2 moths of wrath (shapeshifter)
  An elephant (shapeshifter) (Depths:4)
  5 merfolk sirens
  An apocalypse crab (Zot:1)
  9 guardian serpents
  2 ice statues (IceCv)
  18 vault sentinels
  47 black mambas
  13 water nymphs
  5 torpor snails (Lair:5)
  20 naga magi
  29 moths of wrath
  A rust devil (Depths:1)
  A water nymph (shapeshifter) (D:15)
  6 elephants (Lair:5)
  3 gargoyles
  An eye of devastation (Gauntlet)
  11 cane toads
  A white draconian zombie (Crypt:1)
  A hellion (D:15)
  Maggie (D:7)
  7 rime drakes
  2 orange demons
  8 komodo dragons
  21 yaktaurs
  A minotaur zombie (Gauntlet)
  An alligator snapping turtle zombie (Crypt:2)
  7 freezing wraiths
  5 tengu conjurers
  3 ice devils
  2 hellwings
  A sea snake skeleton (Crypt:2)
  A tormentor (Depths:1)
  4 trolls
  21 merfolk
  5 large abominations
  4 tyrant leeches (Lair:5)
  A merfolk (shapeshifter) (D:15)
  2 shadow dragon simulacra
  2 polar bears
  10 blink frogs (Lair:1)
  A harpy skeleton (Crypt:1)
  A hydra skeleton (Crypt:1)
  4 meliai
  11 hornets
  A tarantella (Vaults:2)
  5 wind drakes
  19 dream sheep
  A dream sheep (shapeshifter) (Vaults:5)
  A raiju (Zot:4)
  9 snapping turtles
  27 slime creatures
  A shock serpent simulacrum (Snake:2)
  An ice dragon zombie (Crypt:1)
  A centaur simulacrum (D:14)
  A satyr skeleton (Crypt:2)
  57 flying skulls
  2 air elementals
  A black mamba zombie (Crypt:1)
  2 vampires
  A fire dragon skeleton (Crypt:2)
  32 yaks
  A slime creature (shapeshifter) (Zot:1)
  10 wraiths
  4 shadows
  2 humans
  12 water elementals
  A wyvern (Lair:1)
  A fire elemental (Elf:3)
  2 hogs (Snake:2)
  The ghost of ryw the Trooper, an amateur DsMo (D:4)
  6 golden eyes
  2 redbacks (Vaults:2)
  A neqoxec (Depths:1)
  3 basilisks
  2 chaos spawn (Depths:1)
  A steam dragon (Lair:5)
  A wind drake skeleton (Crypt:1)
  2 vampire mosquitoes (D:12)
  3 swamp worms (Lair:2)
  A glowing shapeshifter zombie (Crypt:2)
  39 nagas
  2 harpy simulacra (Crypt:3)
  10 water moccasins
  2 wargs
  3 acid dragons
  A hell hound (Snake:2)
  A glowing shapeshifter skeleton (Crypt:1)
  A floating eye (Depths:4)
  29 orc warriors
  3 swamp drakes (Lair:5)
  3 sky beasts
  4 spectral nagas (Snake:2)
  10 ogres
  5 ice beasts
  2 black bears
  2 black mamba simulacra (Snake:2)
  A snapping turtle zombie (Crypt:2)
  A hornet zombie (D:6)
  7 centaurs
  A boggart (shapeshifter) (Depths:2)
  10 wolves
  2 phantoms
  A wolf (shapeshifter) (Depths:4)
  A lemure (D:8)
  A manticore skeleton (Crypt:1)
  4 kobold brigands
  A hog skeleton (Crypt:2)
  5 necrophages
  6 bullfrogs
  2 earth elementals
  3 scorpions
  2 small abominations (Crypt:3)
  8 wights (D:8)
  7 killer bees
  5 lindwurm simulacra (IceCv)
  3 naga simulacra (Snake:2)
  2 electric eels (Lair:4)
  14 howler monkeys
  3 bullfrog zombies (D:6)
  6 komodo dragon simulacra (IceCv)
  8 hounds
  A centaur skeleton (Crypt:1)
  2 gnoll boudas
  7 jellies
  25 orc priests
  10 iguanas
  Jessica (D:2)
  7 hell rats (Lair:3)
  A black bear skeleton (Crypt:1)
  Natasha (thrice) (D:2)
  27 orc wizards
  5 lightning spires (Zot:4)
  2 howler monkey zombies (D:6)
  10 gnolls
  A howler monkey skeleton (Crypt:1)
  A river rat (D:4)
  5 acid dragon simulacra (IceCv)
  11 adders
  A shadow imp (D:7)
  A white imp (D:4)
  4 ufetubi
  5 steam dragon simulacra (IceCv)
  A worm zombie (Crypt:2)
  A lava snake skeleton (Crypt:2)
  A worm (D:2)
  A dart slug (D:4)
  72 orcs
  9 endoplasms
  4 giant cockroaches
  6 goblins
  6 hobgoblins
  13 jackals
  4 quokkas
  3 training dummies (Snake:1)
  9 ball pythons
  5 bats
  3 frilled lizards
  24 kobolds
  8 rats
  4 foxfires
2290 creatures vanquished.

Vanquished Creatures (collateral kills)
  A hellephant (Zot:1)
  A sphinx (Vaults:5)
  A yellow draconian (Zot:5)
  An anaconda (Snake:2)
  A deep troll (shapeshifter) (Zot:1)
  A necromancer (Vaults:3)
  A mana viper (Snake:2)
  A black mamba (Snake:2)
  A naga (Snake:2)
  3 foxfires
12 creatures vanquished.

Vanquished Creatures (others)
  A black draconian (Zot:4)
  A moth of wrath (Zot:4)
  An orc priest (Orc:2)
  5 ball lightnings (Zot:4)
  20 fire vortices
  1066 foxfires
1094 creatures vanquished.

Grand Total: 3396 creatures vanquished

Notes
Turn   | Place    | Note
-------+----------+-------------------------------------------
     0 | D:1      | mdonais the Djinni Wanderer began the quest for the Orb.
     0 | D:1      | mdonais set off with the following items: a +0 dagger, a
                  | scroll of silence, a +0 robe, a +0 helmetthe following
                  | spells memorised: Foxfire, Sticky Flame, Ignite Poison,
                  | Ozocubu's Armour, Freeze.
     0 | D:1      | Reached XP level 1. HP: 18/18 MP: 0/0
   121 | D:1      | Reached XP level 2. HP: 15/23 MP: 0/0
   381 | D:1      | Reached XP level 3. HP: 26/28 MP: 0/0
   381 | D:1      | Learned a level 1 spell: Sandblast
   781 | D:2      | Reached skill level 4 in Fire Magic
   862 | D:2      | Reached XP level 4. HP: 31/33 MP: 0/0
   866 | D:2      | Reached skill level 1 in Dodging
   917 | D:2      | Identified the +0 kite shield "Yttaxzifi" {Harm}
   992 | D:2      | Noticed Natasha
   998 | D:2      | Killed Natasha
  1066 | D:2      | Found a faded altar of an unknown god.
  1118 | D:2      | Reached XP level 5. HP: 38/39 MP: 0/0
  1118 | D:2      | Learned a level 2 spell: Static Discharge
  1234 | D:2      | Noticed Natasha
  1254 | D:2      | Killed Natasha
  1318 | D:2      | Noticed Jessica
  1324 | D:2      | Killed Jessica
  1416 | D:2      | Noticed Natasha
  1422 | D:2      | Killed Natasha
  1482 | D:3      | Reached XP level 6. HP: 46/46 MP: 0/0
  2410 | D:4      | Found a runed translucent door.
  2411 | D:4      | Noticed ryw's ghost (amateur DsMo)
  2427 | D:4      | Found a runed translucent door.
  2476 | D:4      | You are sucked into a shaft and drop 1 floor!
  2476 | D:5      | Entered Level 5 of the Dungeon
  2603 | D:5      | Reached XP level 7. HP: 32/52 MP: 0/0
  2603 | D:5      | Learned a level 2 spell: Ensorcelled Hibernation
  2714 | D:5      | Found Zeapti's Armour Shop.
  2725 | D:5      | Reached skill level 5 in Spellcasting
  2725 | D:5      | Reached skill level 5 in Conjurations
  2725 | D:5      | Reached skill level 5 in Hexes
  2725 | D:5      | Reached skill level 5 in Summonings
  2725 | D:5      | Reached skill level 5 in Necromancy
  2725 | D:5      | Reached skill level 5 in Translocations
  2725 | D:5      | Reached skill level 5 in Transmutations
  2725 | D:5      | Reached skill level 5 in Fire Magic
  2725 | D:5      | Reached skill level 5 in Ice Magic
  2725 | D:5      | Reached skill level 5 in Air Magic
  2725 | D:5      | Reached skill level 5 in Earth Magic
  2725 | D:5      | Reached skill level 5 in Poison Magic
  2813 | D:5      | Noticed an acid dragon
  2825 | D:5      | Killed an acid dragon
  3085 | D:5      | Reached skill level 6 in Fire Magic
  3085 | D:5      | Reached XP level 8. HP: 54/58 MP: 0/0
  3237 | D:4      | Found an ornate altar of the Wu Jian Council.
  3343 | D:4      | Reached skill level 1 in Evocations
  3417 | D:4      | Found a glowing golden altar of the Shining One.
  3569 | D:4      | Reached skill level 5 in Fighting
  4172 | D:5      | Reached XP level 9. HP: 62/66 MP: 0/0
  4172 | D:5      | Learned a level 3 spell: Mephitic Cloud
  4491 | D:5      | Bought a +1 leather armour of positive energy for 132 gold
                  | pieces
  4531 | D:6      | Reached skill level 1 in Armour
  4805 | D:6      | Found Fihus's Neck Hole.
  4952 | D:6      | Reached skill level 7 in Fire Magic
  5244 | D:6      | Found a basalt altar of Yredelemnul.
  5671 | D:7      | Noticed Maggie
  5682 | D:7      | Killed Maggie
  5683 | D:7      | Reached XP level 10. HP: 59/75 MP: 0/0
  5858 | D:7      | Found a staircase to the Ecumenical Temple.
  5878 | Temple   | Entered the Ecumenical Temple
  6103 | Temple   | Upgraded the game from 0.31-a0-142-g31f6795574 to
                  | 0.31-a0-145-g046c7d2549
  6113 | Temple   | Became a worshipper of Ashenzari the Shackled
  6595 | D:8      | Identified the +2 chain mail of Inquiry {Rampage Stlth+}
  6681 | D:8      | Noticed a centaur warrior
  6681 | D:8      | Noticed a centaur warrior
  6705 | D:8      | Reached skill level 8 in Fire Magic
  6708 | D:8      | Noticed a centaur warrior
  6810 | D:8      | Found a burning altar of Makhleb.
  7174 | D:8      | Noticed Pikel
  7179 | D:8      | Killed Pikel
  7542 | D:9      | Reached XP level 11. HP: 76/84 MP: 0/0
  7542 | D:9      | Learned a level 4 spell: Flame Wave
  7738 | D:9      | Reached skill level 9 in Fire Magic
  7746 | D:9      | Noticed a two-headed ogre
  7753 | D:9      | Killed a two-headed ogre
  7754 | D:9      | Reached skill level 10 in Fighting
  7881 | D:9      | Noticed a brown ugly thing
  7887 | D:9      | Killed a brown ugly thing
  8082 | D:9      | Found a staircase to the Lair.
  8213 | D:9      | Reached * piety under Ashenzari
  8277 | D:9      | Reached skill level 1 in Shields
  8326 | D:9      | Noticed a two-headed ogre
  8348 | D:9      | Killed a two-headed ogre
  8432 | D:6      | Bought an amulet of regeneration for 330 gold pieces
  8854 | D:9      | Identified the +1 ring mail "Ekykedghe" {rPois Will+ Dex-5}
  9033 | D:9      | Noticed a two-headed ogre
  9078 | D:9      | Killed a two-headed ogre
  9368 | D:9      | Reached skill level 5 in Shields
  9601 | D:9      | Found a staircase to the Lair.
 10042 | D:9      | Identified Nytoscho's Quarto of Frostbound Breath
 10042 | D:9      | Identified the +1 leather armour "Itsokhub" {rElec rN+}
 10042 | D:9      | Identified the +4 halberd "Hanocz Heil" {freeze, rElec rC-
                  | Stlth+}
 10242 | D:4      | Killed ryw's ghost
 10396 | D:10     | Entered Level 10 of the Dungeon
 10511 | D:10     | Noticed a two-headed ogre
 10524 | D:10     | Killed a two-headed ogre
 10525 | D:10     | Reached XP level 12. HP: 92/93 MP: 0/0
 10529 | D:10     | Reached ** piety under Ashenzari
 10532 | D:10     | Noticed a two-headed ogre
 10538 | D:10     | Killed a two-headed ogre
 10731 | D:10     | Noticed a two-headed ogre
 10742 | D:10     | Killed a two-headed ogre
 10751 | D:10     | Found a transporter.
 10753 | D:10     | Found a transporter.
 10755 | D:10     | Found a transporter.
 10755 | D:10     | Found a transporter.
 11256 | D:10     | Found an iron altar of Okawaru.
 11256 | D:10     | Found a white marble altar of Elyvilon.
 11511 | D:11     | Noticed a boulder beetle
 11540 | D:11     | Killed a boulder beetle
 11665 | D:11     | Noticed a two-headed ogre
 11692 | D:11     | Killed a two-headed ogre
 11693 | D:11     | Reached skill level 10 in Spellcasting
 11693 | D:11     | Reached skill level 10 in Conjurations
 11693 | D:11     | Reached skill level 10 in Hexes
 11693 | D:11     | Reached skill level 10 in Summonings
 11693 | D:11     | Reached skill level 10 in Necromancy
 11693 | D:11     | Reached skill level 10 in Translocations
 11693 | D:11     | Reached skill level 10 in Transmutations
 11693 | D:11     | Reached skill level 10 in Fire Magic
 11693 | D:11     | Reached skill level 10 in Ice Magic
 11693 | D:11     | Reached skill level 10 in Air Magic
 11693 | D:11     | Reached skill level 10 in Earth Magic
 11693 | D:11     | Reached skill level 10 in Poison Magic
 11901 | D:11     | Found a staircase to the Orcish Mines.
 12048 | D:11     | Noticed a two-headed ogre
 12060 | D:11     | Killed a two-headed ogre
 12134 | D:11     | Noticed a two-headed ogre
 12147 | D:11     | Killed a two-headed ogre
 12346 | Lair:1   | Entered Level 1 of the Lair of Beasts
 12358 | Lair:1   | Reached XP level 13. HP: 75/101 MP: 0/0
 12358 | Lair:1   | Learned a level 5 spell: Lee's Rapid Deconstruction
 12562 | Lair:1   | Reached *** piety under Ashenzari
 12709 | Lair:1   | Reached skill level 11 in Fire Magic
 12712 | Lair:1   | Reached skill level 5 in Dodging
 13277 | Lair:2   | Found a gate leading to a gauntlet.
 13298 | Gauntlet | Entered a Gauntlet
 13298 | Gauntlet | Found a transporter.
 13298 | Gauntlet | Found a runed translucent door.
 13298 | Gauntlet | Found a transporter.
 13300 | Gauntlet | Found a transporter.
 13300 | Gauntlet | Identified the +0 hat of the Ward {rN+ Regen+}
 13303 | Gauntlet | Found a runed translucent door.
 13319 | Gauntlet | Found a transporter.
 13341 | Gauntlet | Found a transporter.
 13341 | Gauntlet | Found a transporter.
 13343 | Gauntlet | Found a transporter.
 13343 | Gauntlet | Found a transporter.
 13343 | Gauntlet | Identified the +1 pair of gloves "Sakkeq" {Harm rPois
                  | Int+2}
 13347 | Gauntlet | Found a transporter.
 13347 | Gauntlet | Found a transporter.
 13350 | Gauntlet | Noticed a balrug
 13392 | Gauntlet | Noticed a blizzard demon
 13394 | Gauntlet | Found a transporter.
 13395 | Gauntlet | Found a transporter.
 13451 | Gauntlet | Noticed a minotaur
 13465 | Gauntlet | Killed a minotaur
 13520 | Lair:2   | Reached skill level 5 in Evocations
 13520 | Lair:2   | Reached XP level 14. HP: 83/110 MP: 0/0
 13528 | Lair:2   | Noticed Amaemon
 13622 | Lair:2   | Found a frozen archway.
 13631 | IceCv    | Entered an ice cave
 14092 | IceCv    | Identified the amulet of Uxiu {Harm Regen+ Str+2 Int+2
                  | Dex-4}
 14093 | IceCv    | Found the amulet of the Four Winds {rN+ Will+++ Clar}
 14218 | Lair:2   | You are sucked into a shaft and drop 2 floors!
 14218 | Lair:4   | Found a runed translucent door.
 14286 | Lair:4   | Reached skill level 10 in Shields
 14351 | Lair:4   | Noticed Rapp's ghost (journeyman MeRe)
 14625 | Lair:3   | Reached skill level 12 in Fire Magic
 14828 | Lair:2   | Found a staircase to the Shoals.
 14872 | Lair:2   | Noticed Erica
 14879 | Lair:2   | Killed Erica
 14977 | Lair:2   | Reached XP level 15. HP: 97/115 MP: 0/0
 14977 | Lair:2   | Learned a level 6 spell: Dispersal
 15108 | Lair:2   | Killed Amaemon
 15331 | Lair:2   | Found a staircase to the Snake Pit.
 16129 | Lair:4   | Reached skill level 5 in Armour
 16751 | Lair:4   | Killed Rapp's ghost
 16799 | Lair:4   | Reached XP level 16. HP: 121/121 MP: 0/0
 16806 | Lair:4   | Reached XP level 17. HP: 129/129 MP: 0/0
 16806 | Lair:4   | Learned a level 7 spell: Storm Form
 16838 | Lair:5   | Entered Level 5 of the Lair of Beasts
 16999 | Lair:5   | Reached **** piety under Ashenzari
 17023 | Lair:5   | Reached skill level 13 in Fire Magic
 17025 | Lair:5   | Noticed Snorg
 17031 | Lair:5   | Killed Snorg
 17309 | Lair:5   | Found a staircase to the Slime Pits.
 17310 | Lair:5   | Found a viscous altar of Jiyva.
 17385 | Lair:5   | Found a runed translucent door.
 18158 | Lair:5   | Identified the +6 mace of Hauklig {flame, Str+6 Int+5}
 18191 | Lair:5   | Identified the +1 shortbow of Regicide {freeze, rElec rC-
                  | rN++ Will-}
 18765 | Orc:1    | Entered Level 1 of the Orcish Mines
 18834 | Orc:2    | Entered Level 2 of the Orcish Mines
 18967 | Orc:2    | Found a staircase to the Elven Halls.
 19052 | Orc:2    | Reached ***** piety under Ashenzari
 19318 | Orc:2    | Found Titeanu's Distillery.
 19318 | Orc:2    | Found Rirom's Assorted Antiques.
 19319 | Orc:2    | Found Takosih's Magic Scroll Boutique.
 19319 | Orc:2    | Found Xautebat's Magic Scroll Boutique.
 19467 | Orc:2    | Bought a scroll of acquirement for 676 gold pieces
 19469 | Orc:2    | Bought a potion of heal wounds for 75 gold pieces
 19469 | Orc:2    | Bought a potion of haste for 150 gold pieces
 19469 | Orc:2    | Bought a potion of heal wounds for 75 gold pieces
 19469 | Orc:2    | Bought a potion of resistance for 150 gold pieces
 20132 | D:12     | Reached XP level 18. HP: 133/139 MP: 0/0
 21420 | D:14     | Reached skill level 14 in Fire Magic
 21513 | D:14     | Found a gate to the Vaults.
 21515 | D:14     | Identified the +4 pair of gloves "Idenk" {+Blink Int+5
                  | Slay-4}
 21848 | D:15     | Entered Level 15 of the Dungeon
 22204 | D:15     | Found a staircase to the Depths.
 22217 | D:15     | Reached skill level 1 in Staves
 22660 | Snake:1  | Entered Level 1 of the Snake Pit
 22713 | Snake:1  | Found Luffom's General Store.
 22713 | Snake:1  | Found Ceolupev's Weapon Shop.
 22718 | Snake:1  | Found Elal's Book Boutique.
 22721 | Snake:1  | Found Rukoerio's Book Shop.
 22750 | Snake:1  | Noticed Nikola
 22764 | Snake:1  | Killed Nikola
 22800 | Snake:1  | Noticed Aizul
 22836 | Snake:1  | Killed Aizul
 22872 | Snake:1  | Found Leno's Firing Range.
 22995 | Snake:1  | Reached skill level 10 in Dodging
 23061 | Snake:1  | Identified the +1 leather armour of Distant Shores {Will+
                  | Str+2}
 23337 | Snake:2  | Reached XP level 19. HP: 147/148 MP: 0/0
 23337 | Snake:2  | Learned a level 7 spell: Ozocubu's Refrigeration
 23393 | Snake:2  | Noticed Louise
 23411 | Snake:2  | Killed Louise
 23508 | Snake:2  | Found a runed translucent gate.
 23509 | Snake:2  | Found a runed translucent gate.
 23510 | Snake:2  | Found a runed translucent gate.
 23513 | Snake:2  | Noticed Keuh's ghost (adept VSFi)
 23513 | Snake:2  | Identified the +8 glaive of Iconoclasm {distort, Fly Will++
                  | SInv Stlth-}
 23520 | Snake:2  | Noticed Kirke
 23524 | Snake:2  | Killed Kirke
 23742 | Snake:2  | Found a transporter.
 23767 | Snake:2  | Reached skill level 15 in Shields
 24460 | Snake:3  | Found a runed translucent door.
 24815 | Snake:3  | Found a transporter.
 24815 | Snake:3  | Identified the +2 pair of gloves of the Inquisitive Xenops
                  | {Int+3 Stlth+}
 24817 | Snake:3  | Found the +3 hat of Pondering {ponderous, Will+ MP+10
                  | Int+5}
 24847 | Snake:3  | Found a transporter.
 25379 | Snake:2  | Killed Keuh's ghost
 25398 | Snake:2  | Acquired 1019 gold pieces
 25438 | Snake:1  | Bought a manual of Fire Magic for 1440 gold pieces
 25574 | Snake:3  | Identified the ring of Ceugoast {rN+ Int+6 Slay+3}
 25636 | Snake:4  | Entered Level 4 of the Snake Pit
 25639 | Snake:4  | Reached skill level 15 in Fighting
 25729 | Snake:2  | Found a transporter.
 25729 | Snake:2  | Identified the +3 kite shield "Uczipp" {Fly rPois Str+3
                  | Slay-6}
 25729 | Snake:2  | Identified the +6 chain mail of Qaqoh {Will+ Str+4 Int-4
                  | Dex+2}
 25730 | Snake:2  | Identified the amulet of Ekouwaz {Spirit Will+ Str+2}
 25730 | Snake:2  | Identified the ring "Founih" {Drain Fly rF+++ MP+9 Stlth-}
 26085 | Snake:4  | Found Veilyd's Jewellery Shoppe.
 26446 | Snake:4  | Reached XP level 20. HP: 126/160 MP: 0/0
 26530 | Snake:4  | Reached skill level 15 in Fire Magic
 26694 | Snake:4  | Reached skill level 10 in Evocations
 26801 | Snake:4  | Reached skill level 15 in Spellcasting
 26801 | Snake:4  | Reached skill level 15 in Conjurations
 26801 | Snake:4  | Reached skill level 15 in Hexes
 26801 | Snake:4  | Reached skill level 15 in Summonings
 26801 | Snake:4  | Reached skill level 15 in Necromancy
 26801 | Snake:4  | Reached skill level 15 in Translocations
 26801 | Snake:4  | Reached skill level 15 in Transmutations
 26801 | Snake:4  | Reached skill level 15 in Ice Magic
 26801 | Snake:4  | Reached skill level 15 in Air Magic
 26801 | Snake:4  | Reached skill level 15 in Earth Magic
 26801 | Snake:4  | Reached skill level 15 in Poison Magic
 26961 | Snake:4  | Reached skill level 16 in Fire Magic
 27048 | Snake:4  | Got a serpentine rune of Zot
 27230 | Shoals:1 | Entered Level 1 of the Shoals
 27492 | Shoals:1 | Found Tagaitep's Armour Emporium.
 27503 | Shoals:1 | Found Pull's Practical Paraphernalia.
 27585 | Shoals:1 | Reached skill level 17 in Fire Magic
 27659 | Shoals:1 | Acquired a manual of Ice Magic
 28096 | Shoals:2 | Acquired 833 gold pieces
 28905 | Shoals:3 | Reached XP level 21. HP: 160/168 MP: 0/0
 28905 | Shoals:3 | Learned a level 8 spell: Lehudib's Crystal Spear
 29019 | Shoals:3 | Found Cyebog's Jewellery Shoppe.
 29591 | Shoals:4 | Entered Level 4 of the Shoals
 29613 | Shoals:4 | Identified the staff of earth "Dacrow" {Fragile rC++ rN+}
 29669 | Shoals:4 | Reached ****** piety under Ashenzari
 29831 | Shoals:4 | Got a barnacled rune of Zot
 30006 | Shoals:4 | Found Tonomuum's Jewellery Boutique.
 30225 | Shoals:4 | Found Giket's Assorted Antiques.
 30234 | Shoals:4 | Found Guyn's Assorted Antiques.
 30720 | Shoals:4 | Found Giket's Assorted Antiques.
 30801 | Shoals:4 | Found Tonomuum's Jewellery Boutique.
 30811 | Shoals:4 | Found Guyn's Assorted Antiques.
 31362 | Snake:3  | Reached skill level 18 in Fire Magic
 31613 | Elf:1    | Entered Level 1 of the Elven Halls
 32253 | Elf:1    | Found Ebuynecw's Antique Armour Emporium.
 32256 | Elf:1    | Bought a distressingly furry orb for 406 gold pieces
 32256 | Elf:1    | Identified the orb of Gaywn {*channel, -Tele rF++ rCorr
                  | Int+3} (You bought it in a shop on level 1 of the Elven
                  | Halls)
 32542 | Elf:2    | Found a runed translucent gate.
 32542 | Elf:2    | Found a runed translucent gate.
 32544 | Elf:2    | Found a runed translucent gate.
 32706 | Elf:2    | Reached XP level 22. HP: 166/176 MP: 0/0
 32747 | Elf:2    | Noticed Agnes
 32752 | Elf:2    | Killed Agnes
 33009 | Elf:2    | Reached skill level 19 in Fire Magic
 33470 | Elf:3    | Entered Level 3 of the Elven Halls
 33504 | Elf:3    | Found Cora Paise's Distillery.
 33882 | Elf:3    | Paralysed by an air elemental for 1 turns
 33886 | Elf:3    | Paralysed by an air elemental for 1 turns
 34027 | Elf:3    | Reached skill level 20 in Fire Magic
 34057 | Elf:3    | Found the +4 skin of Zhor {*Englaciate rC+++ SInv}
 34078 | Elf:3    | Identified the ring of the Endless Expanse {rCorr MP+9
                  | Str-2 Slay+4 SInv}
 34191 | Elf:3    | Identified the +8 battleaxe "Fetuu" {vamp, rN++ MP+9 Str+4
                  | Stlth-}
 34191 | Elf:3    | Identified the amulet "Ofufaetu" {Spirit rF+ Regen+}
 34191 | Elf:3    | Identified the +1 hand axe of Tocez Zaorai {spect, rF+
                  | Str+5 Stlth-}
 34191 | Elf:3    | Identified the amulet of Cuubaibb {-Cast Rampage Regen+
                  | rCorr SInv}
 34192 | Elf:3    | Identified the +9 quarterstaff "Dakhat" {heavy, rN+ Dex+6
                  | SInv Stlth-}
 34192 | Elf:3    | Identified the +6 long sword of War {drain, rF+++ Int-3
                  | Dex-5 Stlth+}
 34192 | Elf:3    | Identified the ring "Weall" {Will+ Str+3 Int+3 SInv Stlth+}
 34192 | Elf:3    | Identified the +1 longbow "Himmuhup" {freeze, rF- rN++}
 34652 | D:14     | Found a gate to the Vaults.
 35031 | Vaults:1 | Entered Level 1 of the Vaults
 35117 | Vaults:1 | Reached skill level 10 in Armour
 35654 | Vaults:1 | Reached XP level 23. HP: 157/182 MP: 0/0
 35654 | Vaults:1 | Learned a level 7 spell: Summon Hydra
 35993 | Vaults:1 | Reached skill level 21 in Fire Magic
 36944 | Vaults:2 | Identified the +0 ring mail "Nocun" {Harm Slay+2 Stlth+}
 37644 | Vaults:3 | Found Comeef's Armour Emporium.
 37658 | Vaults:3 | Bought the +2 cloak of a Gauntlet {Rampage Regen+ Str+3
                  | Dex-5} for 346 gold pieces
 37777 | Vaults:3 | Noticed Sojobo
 37786 | Vaults:3 | Killed Sojobo
 38524 | Vaults:3 | Noticed Donald
 38530 | Vaults:3 | Killed Donald
 38599 | Vaults:3 | Found a staircase to the Crypt.
 38602 | Vaults:3 | Reached XP level 24. HP: 183/193 MP: 0/0
 38792 | Vaults:4 | Identified the +3 falchion "Eqeifer" {drain, Fragile rElec
                  | rC+ Int+3}
 39634 | Vaults:4 | Reached skill level 22 in Fire Magic
 40100 | Crypt:1  | Entered Level 1 of the Crypt
 41523 | Crypt:2  | Identified the +8 flail of the Tiger {elec, rN+ Int+3}
 41816 | Crypt:2  | Noticed Vv
 41822 | Crypt:2  | Killed Vv
 41967 | Crypt:2  | Reached XP level 25. HP: 174/206 MP: 0/0
 41967 | Crypt:2  | Learned a level 8 spell: Necromutation
 42311 | Crypt:3  | Entered Level 3 of the Crypt
 42629 | Crypt:3  | Found a basalt altar of Yredelemnul.
 42919 | Crypt:3  | Identified the +4 short sword of the Gloaming {holy, rElec
                  | rC+ Stlth+}
 43191 | Crypt:3  | Reached skill level 5 in Stealth
 43245 | Crypt:3  | Found a staircase to the Tomb.
 43245 | Crypt:3  | Noticed Jory
 43251 | Crypt:3  | Killed Jory
 43252 | Crypt:3  | Reached skill level 23 in Fire Magic
 43731 | Depths:1 | Entered Level 1 of the Depths
 43735 | Depths:1 | Found a gateway to Hell.
 43831 | Depths:1 | Found a shadowy altar of Dithmenos.
 44278 | Depths:1 | Found a one-way gate leading to the halls of Pandemonium.
 44612 | Depths:2 | Reached XP level 26. HP: 198/215 MP: 0/0
 44871 | Depths:2 | Reached skill level 15 in Armour
 45835 | Depths:3 | Found Gozag's Antique Weapon Boutique.
 45847 | Depths:3 | Found an opulent altar of Gozag.
 45852 | Depths:3 | Found Gozag's Assorted Antiques.
 45855 | Depths:3 | Found Gozag's Antique Weapon Shop.
 46008 | Depths:3 | Found a one-way gate to the infinite horrors of the Abyss.
 46177 | Depths:3 | Found a one-way gateway to a ziggurat.
 46409 | Depths:4 | Entered Level 4 of the Depths
 46514 | Depths:4 | Reached skill level 24 in Fire Magic
 46919 | Depths:4 | Paralysed by a floating eye for 4 turns
 46956 | Depths:4 | Noticed a juggernaut
 46964 | Depths:4 | Killed a juggernaut
 47126 | Depths:4 | Identified the +5 halberd "Zuyhaq" {protect, Int+2 Dex+2}
 47195 | Depths:4 | Reached XP level 27. HP: 195/215 MP: 0/0
 47195 | Depths:4 | Learned a level 9 spell: Fire Storm
 47229 | Depths:4 | Found a gate to the Realm of Zot.
 48068 | Vaults:5 | Entered Level 5 of the Vaults
 48104 | Vaults:5 | Identified the amulet of Syndicalism {RegenMP *Slow Int+2
                  | Dex+8}
 48118 | Vaults:5 | Noticed an ancient lich
 48141 | Vaults:5 | Killed an ancient lich
 48548 | Vaults:5 | Acquired a manual of Dodging
 48654 | Vaults:5 | Got a silver rune of Zot
 48670 | Vaults:5 | Identified the +5 morningstar of Bankruptcy {elec, rElec
                  | rC+}
 48767 | Vaults:5 | Identified the ring "Moheps" {rPois Will- AC+4 SInv}
 48810 | Vaults:5 | Noticed a dread lich
 48832 | Vaults:5 | Killed a dread lich
 48929 | Vaults:5 | Identified the +0 broad axe "Beklemm" {venom, Fly Str+4}
 49037 | Vaults:5 | Identified the +1 trident "Picrijy" {freeze, *Noise rN++
                  | Will+++ Str-4}
 50424 | Zot:1    | Entered Level 1 of the Realm of Zot
 50840 | Orc:2    | Bought a potion of curing for 45 gold pieces
 50840 | Orc:2    | Bought a potion of brilliance for 60 gold pieces
 50840 | Orc:2    | Bought a potion of brilliance for 60 gold pieces
 50852 | Orc:2    | Bought a potion of haste for 340 gold pieces
 50954 | Elf:3    | Bought a potion of curing for 33 gold pieces
 50954 | Elf:3    | Bought a potion of curing for 33 gold pieces
 50954 | Elf:3    | Bought a potion of brilliance for 44 gold pieces
 50954 | Elf:3    | Bought a potion of invisibility for 88 gold pieces
 50954 | Elf:3    | Bought 2 potions of brilliance for 88 gold pieces
 50954 | Elf:3    | Bought a potion of mutation for 88 gold pieces
 50954 | Elf:3    | Bought a potion of ambrosia for 88 gold pieces
 51340 | Zot:1    | Found a huge runed gate.
 51340 | Zot:1    | Found a huge runed gate.
 51340 | Zot:1    | Found a huge runed gate.
 51341 | Zot:1    | Found a huge runed gate.
 51359 | Zot:1    | Found a huge runed gate.
 51359 | Zot:1    | Found a huge runed gate.
 51359 | Zot:1    | Found a huge runed gate.
 51359 | Zot:1    | Found a huge runed gate.
 51360 | Zot:1    | Found a huge runed gate.
 51432 | Zot:1    | Found a huge runed gate.
 51438 | Zot:1    | Found a huge runed gate.
 51438 | Zot:1    | Found a huge runed gate.
 51438 | Zot:1    | Found a huge runed gate.
 51438 | Zot:1    | Found a huge runed gate.
 51438 | Zot:1    | Found a huge runed gate.
 51438 | Zot:1    | Found a huge runed gate.
 51439 | Zot:1    | Found a huge runed gate.
 51451 | Zot:1    | Found a huge runed gate.
 51452 | Zot:1    | Found a huge runed gate.
 51461 | Zot:1    | Found a huge runed gate.
 51461 | Zot:1    | Found a huge runed gate.
 51461 | Zot:1    | Found a huge runed gate.
 51461 | Zot:1    | Found a huge runed gate.
 51461 | Zot:1    | Found a huge runed gate.
 51461 | Zot:1    | Found a huge runed gate.
 51462 | Zot:1    | Found a huge runed gate.
 51463 | Zot:1    | Found a huge runed gate.
 51464 | Zot:1    | Found a huge runed gate.
 51472 | Zot:1    | Found a huge runed gate.
 51472 | Zot:1    | Found a huge runed gate.
 51472 | Zot:1    | Found a huge runed gate.
 51472 | Zot:1    | Found a huge runed gate.
 51472 | Zot:1    | Found a huge runed gate.
 51472 | Zot:1    | Found a huge runed gate.
 51473 | Zot:1    | Found a huge runed gate.
 51474 | Zot:1    | Found a huge runed gate.
 51603 | Zot:1    | Reached skill level 15 in Dodging
 52103 | Zot:1    | Identified the ring of the Enormous Mango {rF++ Will++ EV+5
                  | Slay-5}
 52103 | Zot:1    | Found the +8 trishula "Condemnation" {holy, anguish, *Noise
                  | Fly rN+}
 52103 | Zot:1    | Identified the ring "Woix" {Fly rCorr Int-3 SInv Stlth+}
 52103 | Zot:1    | Noticed a Killer Klown
 52103 | Zot:1    | Noticed a Killer Klown
 52103 | Zot:1    | Noticed a Killer Klown
 52104 | Zot:1    | Noticed a Killer Klown
 52108 | Zot:1    | Killed a Killer Klown
 52108 | Zot:1    | Killed a Killer Klown
 52108 | Zot:1    | Killed a Killer Klown
 52116 | Zot:1    | Killed a Killer Klown
 52620 | Zot:2    | Noticed a Killer Klown
 52622 | Zot:2    | Noticed a Killer Klown
 52627 | Zot:2    | Noticed a Killer Klown
 52628 | Zot:2    | Killed a Killer Klown
 52631 | Zot:2    | Killed a Killer Klown
 52632 | Zot:2    | Killed a Killer Klown
 52632 | Zot:2    | Noticed a Killer Klown
 52635 | Zot:2    | Killed a Killer Klown
 52637 | Zot:2    | Noticed a Killer Klown
 52653 | Zot:2    | Killed a Killer Klown
 52733 | Zot:2    | Noticed a Killer Klown
 52805 | Zot:2    | Killed a Killer Klown
 53432 | Zot:3    | Found a runed translucent gate.
 53641 | Zot:3    | Identified the +6 orcbow "Unapov" {elec, rC+ Int+2}
 53859 | Zot:3    | Found a runed translucent gate.
 53887 | Zot:3    | Found a runed translucent gate.
 53888 | Zot:3    | Identified the ring "Guscheuxo" {rC+ rN+ EV+5 Int-3}
 53917 | Zot:3    | Noticed Drazool's ghost (veteran SpHu)
 53924 | Zot:3    | Killed Drazool's ghost
 54108 | Zot:4    | Noticed a Killer Klown
 54155 | Zot:4    | Killed a Killer Klown
 54182 | Zot:4    | Identified the +5 scale mail "Kuroibes" {Rampage rF+ rN+}
 54470 | Zot:4    | Identified the +3 chain mail of the Iron Devil {rF- rN+
                  | Regen+}
 54505 | Zot:4    | Identified the +1 robe of Tenacity {*Slow rElec Regen+
                  | rCorr}
 55342 | Zot:5    | Entered Level 5 of the Realm of Zot
 55970 | Zot:5    | Noticed a dread lich
 55970 | Zot:5    | Noticed an ancient lich
 55970 | Zot:5    | Noticed a dread lich
 55970 | Zot:5    | Noticed a Killer Klown
 55970 | Zot:5    | Noticed an orb of fire
 55975 | Zot:5    | Killed an orb of fire
 55998 | Zot:5    | Killed a dread lich
 56002 | Zot:5    | Killed a dread lich
 56008 | Zot:5    | Killed an ancient lich
 56008 | Zot:5    | Killed a Killer Klown
 56017 | Zot:5    | Noticed an orb of fire
 56017 | Zot:5    | Noticed a dread lich
 56023 | Zot:5    | Gained mutation: You are weak. (Str -2) [an orb of fire]
 56061 | Zot:5    | Noticed a Killer Klown
 56065 | Zot:5    | Killed an orb of fire
 56068 | Zot:5    | Killed a Killer Klown
 56136 | Zot:5    | Noticed an ancient lich
 56138 | Zot:5    | Killed an ancient lich
 56141 | Zot:5    | Killed a dread lich
 56143 | Zot:5    | Noticed an ancient lich
 56149 | Zot:5    | Killed an ancient lich
 56155 | Zot:5    | Noticed an ancient lich
 56157 | Zot:5    | Killed an ancient lich
 56182 | Zot:5    | Noticed a dread lich
 56184 | Zot:5    | Killed a dread lich
 56890 | Zot:5    | Got the Orb of Zot
 57003 | Zot:1    | Noticed Wanic the pandemonium lord
 57006 | Zot:1    | Killed Wanic the pandemonium lord
 57264 | D:13     | Noticed Osty the pandemonium lord
 57264 | D:13     | Noticed an ancient lich
 57468 | D:2      | Noticed Utugg the pandemonium lord
 57547 | D:$      | Escaped with the Orb!

Illustrated notes

Levels and vault maps discovered:
D:1:      lordsloth_arrival_two_stooges, layout_basic, minmay_pentomino_p2
D:2:      layout_rooms, chequers_ecumenical_altar_grove, minmay_distorted,
          uniq_natasha, uniq_jessica
D:3:      layout_basic
D:4:      layout_gridville, lemuel_coloured_pillars_altar, lemuel_round_altar,
          ebering_ghost_sewer_f, minmay_tree_intersection, nzn_random_ring
D:5:      layout_cave_pools, serial_shops, nicolae_shop_behind_doors,
          minmay_misc_feat_tower
D:6:      layout_loops_ring, nicolae_overflow_hidden_temple,
          nicolae_yredelemnul_corpse_copse, amcnicky_mini_pool_small,
          nicolae_shop_sticking_my_neck_out
D:7:      layout_rooms, minmay_temple_entry_offerings, reono_crystal_passage,
          uniq_maggie
D:8:      layout_loops_ring, mainiacjoe_overflow_24_doors, minmay_holes,
          onia_ninara_dug_in_and_dangerous, uniq_pikel
D:9:      minmay_razor_zed, layout_basic, mainiacjoe_overflow_two_lobes,
          lair_entry_dummy, minmay_checkerbox
D:10:     layout_loops_ring, gammafunk_temple_overflow_wave,
          nicolae_diode_intersection
D:11:     layout_loops_ring, david_orc_3
D:12:     layout_roguey
D:13:     layout_roguey, special_room [special_room_orc], tgw_sif
D:14:     layout_big_octagon, grunt_vaults_entry_fortified, serial_park_square2
D:15:     hangedman_depths_entry_try_elsewhere_first, layout_rooms,
          palyth_stone_intersect
Temple:   compressed_dpeg_triangle_lava_temple
Lair:1:   layout_cave_pods, nicolae_lair_grove_arrangements
Lair:2:   layout_chaotic_city, nicolae_shoals_entry_roost, dummy_snake_entry,
          portal_ice_cave_entry_pillars_1, gauntlet_entry_generic, worms_lemuel,
          grunt_megastairs_3, uniq_erica, uniq_amaemon
Lair:3:   layout_cave_pods
Lair:4:   layout_long_grid, hellmonk_ghost_happy_afterlife, serial_bayou,
          serial_bayou_pond_a, serial_bayou_shore_a, serial_bayou_pond_e,
          serial_bayou_pond_b
Lair:5:   wormcave, layout_long_grid, guppyfry_lair_end_dragon,
          minmay_slime_entry_pillars, grunt_megastairs_4, uniq_snorg
Shoals:1: layout_shoals, serial_shops, nicolae_shop_tiny_glass,
          nicolae_alphabet_shops, nicolae_shoals_loop_pool
Shoals:2: layout_shoals, nicolae_shoals_nymph_descending_staircase
Shoals:3: layout_shoals, serial_shops, shop
Shoals:4: shoals_end_simple, layout_shoals, serial_shops,
          nicolae_shop_tiny_real_fake_doors, shop, nicolae_shop_gaudy_bauble
Snake:1:  layout_onion_interference, nicolae_shop_firing_range,
          minmay_shoptagon, uniq_aizul, uniq_nikola
Snake:2:  gammafunk_its_a_trap, layout_onion, gammafunk_ghost_necromancy,
          drop_trap, beargit_elvish_explorers, uniq_louise, uniq_kirke
Snake:3:  gammafunk_sealed_arena, layout_honeycomb, lightli_airlock
Snake:4:  grunt_snake_rune_spirals, layout_onion, serial_shops,
          nicolae_shop_gaudy_bauble, nicolae_snake_slithery_hallway,
          hangedman_snake_corridor_cut
Orc:1:    layout_caves
Orc:2:    st_orc_elflike, layout_diamond_mine
Elf:1:    elf_arrival_001, layout_rooms, serial_shops,
          nicolae_shop_real_fake_doors, hangedman_elf_represent,
          grunt_ministairs_11, minivault_23, drop_trap
Elf:2:    nicolae_elf_blades_splatter_lattice
          [nicolae_blade_entry_area_security], layout_geoelf_octagon, uniq_agnes
Elf:3:    elf_hall_gauntlet_narrow, layout_geoelf_grid, serial_shops,
          nicolae_shop_crystal, billiards_dpeg
Vaults:1: v_misc_2, nicolae_vaults_six-pack, vaults_dpeg_doors,
          ontoclasm_vaults_ligature, v_alt_pattern_5, nicolae_vaults_big_ls,
          nicolae_vaults_tetromino_T_2, nicolae_vaults_tetromino_Z_2,
          nicolae_vaults_tangram_2, vaults_mumra_minichess, v_misc_4,
          ontoclasm_vaults_decontamination, layout_vaults_ring
Vaults:2: nicolae_vaults_shipping_containers_6, nicolae_vaults_trapezoid_1,
          nicolae_vaults_circle_grid_b, nicolae_vaults_puzzle_piece, v_misc_11,
          vaults_room_fancy_cross, hangedman_vaults_snaps, vaults_mumra_hexcomb,
          nicolae_vaults_diagonal_hallway_9, nicolae_vaults_diamond_1,
          layout_vaults_omnicross
Vaults:3: nicolae_vaults_circle_grid_b, hangedman_vaults_restitches,
          vaults_standard_mumra_lines, hangedman_vaults_corner, v_rooms_3,
          nicolae_vaults_big_angled_halls, nicolae_vaults_ninety_degrees,
          minmay_crypt_entry_simple_plaza, vaults_dpeg_encased_lava,
          vaults_standard_mumra_x, v_misc_19, v_misc_22,
          nicolae_vaults_tetromino_T_1, nicolae_vaults_apartment_1,
          nicolae_vaults_lightning_bolt, nicolae_vaults_trapezoid_3,
          layout_vaults_maze, serial_shops, shop, uniq_sojobo, uniq_margery,
          uniq_donald
Vaults:4: vaults_dpeg_spiral, v_misc_12, nicolae_vaults_tangram_1, v_misc_8,
          nicolae_vaults_security_offices_4, vaults_room_semicircle,
          nicolae_vaults_specimen_jars, v_misc_8, nicolae_vaults_trapezoid_1,
          layout_vaults_quadrants
Vaults:5
Crypt:1:  layout_basic, minivault_24, grunt_megastairs_1
Crypt:2:  layout_regular_city, uniq_vv
Crypt:3:  grunt_crypt_end_deaths_head
Depths:1: layout_cave_shapes, grunt_pan_entry_sceptre, abandoned_shop,
          hell_entry, nicolae_dithmenos_through_a_glass_darkly,
          grunt_megastairs_2
Depths:2: minmay_the_grid_octo_tiled_squarecenter_mashed
          [minmay_the_grid_octo_empty, minmay_the_grid_octo_empty,
          minmay_the_grid_octo_fat_diamond, minmay_the_grid_octo_clover,
          minmay_the_grid_square_5x5_megaprize_hollow,
          minmay_the_grid_square_5x5_beaten_path,
          minmay_the_grid_square_5x5_two_walls_b,
          minmay_the_grid_square_5x5_longway,
          minmay_the_grid_square_5x5_checkered_statues], layout_honeycomb,
          rand_demon_pan_entry_4, dk_noncrumbling_3,
          hangedman_tar_grid_catacomb, lemuel_old_faithful,
          minmay_staircase_bubble
Depths:3: kennysheep_gozag_temple, layout_basic, enter_ziggurat_d, abyss_entry,
          hell_entry, minmay_misc_feat_pillars
Depths:4: grunt_runaround [grunt_runaround_doors_1, grunt_runaround_doors_2,
          grunt_runaround_doors_3, grunt_runaround_doors_4,
          grunt_runaround_zot], hell_entry
Zot:1:    kennysheep_bubbly, layout_twisted_circle, not_door_vault_due
Zot:2:    ebering_greatest_show_in_zot, layout_basic, grunt_megastairs_5
Zot:3:    layout_gridville, ebering_ghost_rock_garden,
          hangedman_zot_decor_checkerboard
Zot:4:    infiniplex_zot_generator, layout_misc_corridors, zot_minivault_1
Zot:5:    layout_onion

Skill      XL: |  1  2  3  4  5  6  7  8  9 10 11 12 13 14 15 16 17 18 19 20 21 22 23 24 25 26 27 |
---------------+----------------------------------------------------------------------------------+-----
Spellcasting   | 4 6 7 8 9 10 11 12 13 14 16 17 18 19 20 | 20.4
Conjurations   | 4 6 7 8 9 10 11 12 13 14 16 17 18 19 20 | 20.4
Hexes          | 4 6 7 8 9 10 11 12 13 14 16 17 18 19 20 | 20.4
Summonings     | 4 6 7 8 9 10 11 12 13 14 16 17 18 19 20 | 20.4
Necromancy     | 4 6 7 8 9 10 11 12 13 14 16 17 18 19 20 | 20.4
Translocations | 4 6 7 8 9 10 11 12 13 14 16 17 18 19 20 | 20.4
Transmutations | 4 6 7 8 9 10 11 12 13 14 16 17 18 19 20 | 20.4
Fire Magic     | 4 6 7 8 9 10 11 12 13 14 17 18 20 21 22 23 24 | 24.7
Ice Magic      | 4 6 7 8 9 10 11 12 13 14 16 17 19 20 21 22 23 | 23.8
Air Magic      | 4 6 7 8 9 10 11 12 13 14 16 17 18 19 20 | 20.4
Earth Magic    | 4 6 7 8 9 10 11 12 13 14 16 17 18 19 20 | 20.4
Poison Magic   | 4 6 7 8 9 10 11 12 13 14 16 17 18 19 20 | 20.4
Dodging        | 1 2 3 4 6 7 10 11 12 21 | 21.1
Fighting       | 3 4 5 7 9 10 11 12 14 15 16 17 18 21 | 21.6
Evocations     | 2 4 5 6 7 8 9 10 | 10.3
Armour         | 4 6 7 8 9 10 12 13 14 16 22 | 22.3
Shields        | 5 7 9 11 12 13 14 15 16 17 18 19 20 22 | 22.1
Stealth        | 2 3 6 7 |  7.4
Staves         | 2 4 |  4.0
Throwing       | |  0.5

Action                     |  1- 3 |  4- 6 |  7- 9 | 10-12 | 13-15 | 16-18 | 19-21 | 22-24 | 25-27 || total
---------------------------+-------+-------+-------+-------+-------+-------+-------+-------+-------++-------
  Melee: Dagger            |     4 |     2 |     8 |       |       |       |       |       |       ||    14
         Flail             |       |       |     7 |    13 |       |       |       |       |       ||    20
         Staff             |       |       |       |       |     4 |     5 |     1 |     4 |    16 ||    30
   Cast: Foxfire           |    52 |    85 |   198 |   139 |    69 |   118 |     3 |       |       ||   664
         Freeze            |    11 |    15 |    39 |    13 |       |       |       |       |       ||    78
         Mephitic Cloud    |       |       |     7 |    90 |    10 |    12 |       |       |       ||   119
         Ignite Poison     |       |       |     5 |    54 |     7 |     3 |       |       |       ||    69
         Ozocubu's Armour  |       |       |     1 |     1 |       |       |     3 |     1 |       ||     6
         Flame Wave        |       |       |       |    34 |    32 |    60 |    10 |       |       ||   136
         Lee's Rapid Decon |       |       |       |       |   141 |   358 |    29 |       |       ||   528
         Sticky Flame      |       |       |       |       |     1 |       |       |       |       ||     1
         Ozocubu's Refrige |       |       |       |       |       |       |   489 |   454 |   223 ||  1166
         Lehudib's Crystal |       |       |       |       |       |       |    15 |   199 |   824 ||  1038
         Summon Hydra      |       |       |       |       |       |       |       |     1 |     8 ||     9
         Necromutation     |       |       |       |       |       |       |       |       |    12 ||    12
         Fire Storm        |       |       |       |       |       |       |       |       |    16 ||    16
 Invoke: Curse Item        |       |       |       |     3 |     5 |     3 |     3 |     3 |     1 ||    18
         Shatter the Chain |       |       |       |       |     3 |     1 |     2 |     2 |     1 ||     9
  Evoke: Wand              |       |       |       |       |     4 |       |    10 |       |     1 ||    15
         Phial of floods   |       |       |       |       |       |       |     1 |       |       ||     1
    Use: Scroll            |       |     1 |     5 |     3 |     4 |     2 |     6 |       |    11 ||    32
         Potion            |       |       |     1 |     1 |     6 |     1 |       |       |     9 ||    18
   Stab: Sleeping          |       |     1 |       |       |       |       |       |       |       ||     1
         Confused          |       |       |       |     2 |       |       |       |       |       ||     2
         Distracted        |       |       |       |       |       |       |       |       |     1 ||     1
 Armour: Robe              |     5 |     2 |    13 |       |       |       |    11 |     1 |       ||    32
         Leather armour    |       |       |    20 |    12 |       |       |       |       |       ||    32
         Troll leather arm |       |       |       |     2 |    14 |    32 |    18 |       |       ||    66
         Ice dragon scales |       |       |       |       |       |       |       |    26 |    20 ||    46
         Storm dragon scal |       |       |       |       |       |       |       |       |   108 ||   108
  Dodge: Dodged            |    14 |     4 |    58 |    16 |    26 |    38 |    35 |    29 |    98 ||   318
  Block: Kite shield       |       |       |       |    14 |    10 |       |       |       |       ||    24
         Tower shield      |       |       |       |       |    62 |   129 |   136 |   154 |   351 ||   832

Table legend: (Time is in decaauts)
 A = Elapsed time spent in this place.
 B = Non-inter-level travel time spent in this place.
 C = Inter-level travel time spent in this place.
 D = Time resting spent in this place.
 E = Time spent auto-exploring this place.
 F = Levels seen in this place.
 G = Mean time per level.
                   A        B        C        D        E       F      G
               +--------+--------+--------+--------+--------+-----+--------+
         Total |  57601 |  51009 |   6592 |   1803 |  34570 |  53 | 1086.8 |
       Dungeon |  16675 |  14198 |   2477 |    697 |  10118 |  15 | 1111.7 |
        Temple |    242 |    228 |     14 |      0 |    213 |   1 |  242.0 |
          Lair |   5751 |   5223 |    528 |     73 |   3522 |   5 | 1150.2 |
        Shoals |   3994 |   3794 |    200 |     14 |   3031 |   4 |  998.5 |
     Snake Pit |   4632 |   3994 |    638 |     46 |   2319 |   4 | 1158.0 |
  Orcish Mines |   1336 |    998 |    338 |     51 |    631 |   2 |  668.0 |
   Elven Halls |   3054 |   2748 |    306 |      0 |   2100 |   3 | 1018.0 |
        Vaults |   7615 |   6851 |    764 |    162 |   5268 |   5 | 1523.0 |
         Crypt |   3442 |   3270 |    172 |    199 |   2005 |   3 | 1147.3 |
        Depths |   4216 |   3630 |    586 |    129 |   2485 |   4 | 1054.0 |
           Zot |   5852 |   5288 |    564 |    421 |   2836 |   5 | 1170.4 |
      Ice Cave |    576 |    576 |      0 |     11 |     42 |   1 |  576.0 |
      Gauntlet |    210 |    210 |      0 |      0 |      0 |   1 |  210.0 |
               +--------+--------+--------+--------+--------+-----+--------+

Top non-repeatable levels by time:
     D:9: 2793 daAuts
Vaults:5: 2059 daAuts
  Lair:5: 1759 daAuts
Shoals:4: 1585 daAuts
   Zot:5: 1516 daAuts
Vaults:1: 1506 daAuts
    D:14: 1480 daAuts
Vaults:4: 1420 daAuts
 Crypt:1: 1372 daAuts
 Snake:2: 1372 daAuts
Vaults:3: 1327 daAuts
     D:4: 1322 daAuts
Vaults:2: 1301 daAuts
 Snake:4: 1289 daAuts
 Snake:3: 1245 daAuts
